 Dungeon Crawl Stone Soup version 0.29-a0-352-g0917bc69df (webtiles) character file.

Game seed: 1787619277166980745

283 ObtusePanda the Skirmisher (level 6, -2/48 HPs)
             Began as a Human Fighter on Apr 23, 2022.
             Slain by an ogre
             ... wielding a +0 giant club
              (16 damage)
             ... on level 4 of the Dungeon.
             The game lasted 00:08:39 (3167 turns).

ObtusePanda the Skirmisher (Human Fighter)          Turns: 3167, Time: 00:08:40

Health: -2/48      AC:  8    Str: 13 (16) XL:     6   Next: 54%
Magic:  5/5        EV:  9    Int:  7 (9)  God:
Gold:   149        SH:  5    Dex: 11 (14) Spells: 5/5 levels left

rFire   . . .      SeeInvis .   f - +3 short sword (drain)
rCold   . . .      Faith    .   c - +1 buckler
rNeg    . . .      Spirit   .   b - +0 scale mail
rPois   .          Reflect  .   (no helmet)
rElec   .          Harm     .   (no cloak)
rCorr   .          Rampage  .   (no gloves)
Will    .....                   e - +0 pair of boots
Stlth   ..........              (no amulet)
HPRegen 0.16/turn               (no ring)
MPRegen 0.09/turn               (no ring)

@: unable to read
A: low MP 1, inability to read while threatened
a: no special abilities


You were on level 4 of the Dungeon.
You visited 1 branch of the dungeon, and saw 4 of its levels.

You collected 149 gold pieces.

Inventory:

Hand Weapons
 a - a +0 rapier
 f - a +3 short sword of draining (weapon)
Armour
 b - a +0 scale mail (worn)
 c - a +1 buckler (worn)
 e - a +0 pair of boots (worn)
Wands
 r - a wand of iceblast (9)
Scrolls
 i - a scroll of torment
 j - a scroll of identify
 k - a scroll of immolation
 m - 3 scrolls of magic mapping
Potions
 d - a potion of resistance
 g - 2 potions of lignification
 h - a potion of heal wounds
 o - a potion of curing


   Skills:
 * Level 4.3 Fighting
 * Level 3.6 Short Blades
 + Level 3.6 Armour
 + Level 1.9 Dodging
 + Level 1.7 Stealth
 + Level 3.6 Shields


You had 5 spell levels left.
You didn't know any spells.
Your spell library contained the following spells:

 Spells                   Type           Power      Damage    Failure   Level
 Apportation              Tloc           0%         N/A       95%         1
 Corpse Rot               Necr/Air       0%         N/A       99%         2
 Poisonous Vapours        Pois/Air       0%         N/A       99%         2
 Frozen Ramparts          Ice            0%         1d2       100%        3
 Ozocubu's Armour         Ice            0%         N/A       100%        3
 Ice Form                 Ice/Tmut       0%         N/A       100%        4
 Summon Ice Beast         Ice/Summ       0%         N/A       100%        4
 Alistair's Intoxication  Tmut/Pois      0%         N/A       100%        5
 Metabolic Englaciation   Hex/Ice        0%         N/A       100%        5
 Simulacrum               Ice/Necr       0%         N/A       100%        6


Dungeon Overview and Level Annotations

Branches:
Dungeon (4/15)
 Temple: D:4-7

Altars:

Shops:
D:2 :

Annotations:
D:4 Sigmund


Innate Abilities, Weirdness & Mutations

Your magical capacity is low. (-10% MP)
You sometimes lose the ability to read scrolls when taking damage.


Message History

Found 14 gold pieces.
Found a scroll of identify.
m - 3 scrolls of magic mapping (gained 1)
You now have 149 gold pieces (gained 14).
Found 12 gold pieces.
j - a scroll of identify
Okay, then.
Okay, then.
Found 9 gold pieces.
Found a bone wand.
Found 3 gold pieces.
Sigmund the Dreaded comes into view.
He is wielding a +0 scythe.
Found an escape hatch in the ceiling.
Sigmund shouts!
Sigmund gestures at you while chanting. The puff of flame hits you.
You see here 12 gold pieces.
An ogre comes into view. It is wielding a +0 giant club.
The ogre shouts!
You see here 12 gold pieces.
Sigmund casts a spell at you. The puff of flame hits you.
Sigmund gestures at you while chanting. You resist with some effort.
Sigmund points at you and mumbles some strange words.
You are confused.
You are too confused!
You bump into the rock wall.
Sigmund hits you from afar with a +0 scythe!
You hit the ogre. You drain the ogre.
The ogre is moderately wounded.
The ogre hits you with a +0 giant club!!
You feel threatened and lose the ability to read scrolls!
Ouch! That really hurt!
* * * LOW HITPOINT WARNING * * *
Sigmund hits you but does no damage.
You bump into the rock wall.
You feel less confused. The ogre hits you with a +0 giant club!
You die...

#.## # #..# .# ##
#..##.# ....# #..#.#
#..... #...# #.....#
#..## #.....#
#..####..###.#...#
#........†#.##...#
##....#..><@.....###
####.#####O........
#. #...@..##### #.#
#.#.....)..
..##......####
#.##....## #.#....#
#...#######
##.........


You could see an ogre (drained) and Sigmund.

Vanquished Creatures
  A necrophage (D:3)
  The ghost of spaghetti the Skirmisher, a weakling OgMo (D:3)
  An iguana (D:4)
  An orc wizard (D:2)
  3 adders
  A dart slug (D:3)
  3 worms
  2 orcs (D:3)
  7 endoplasms
  5 giant cockroaches
  6 goblins
  6 hobgoblins
  10 jackals
  9 kobolds
  3 quokkas
  5 ball pythons
  2 bats
  4 frilled lizards
  5 rats
75 creatures vanquished.

Notes
Turn   | Place    | Note
-------+----------+-------------------------------------------
     0 | D:1      | ObtusePanda the Human Fighter began the quest for the Orb.
     0 | D:1      | Reached XP level 1. HP: 18/18 MP: 1/1
   360 | D:1      | Reached XP level 2. HP: 24/24 MP: 2/2
  1013 | D:1      | Reached XP level 3. HP: 29/29 MP: 3/3
  1508 | D:2      | Found Deblefad's Book Shop.
  1686 | D:2      | Reached XP level 4. HP: 35/35 MP: 4/4
  2192 | D:2      | Reached skill level 1 in Dodging
  2192 | D:2      | Reached skill level 1 in Stealth
  2291 | D:3      | Reached XP level 5. HP: 32/42 MP: 5/5
  2509 | D:3      | Reached skill level 4 in Fighting
  2668 | D:3      | Found a transporter.
  2668 | D:3      | Noticed spaghetti's ghost (weakling OgMo)
  2704 | D:3      | Reached XP level 6. HP: 48/48 MP: 6/6
  2757 | D:3      | Gained mutation: Your body sometimes deteriorates upon
                  | taking damage. [potion of mutation]
  2757 | D:3      | Gained mutation: Your body often deteriorates upon taking
                  | damage. [potion of mutation]
  2757 | D:3      | Gained mutation: Your spells are a little harder to cast,
                  | but a little more powerful. [potion of mutation]
  2758 | D:3      | Lost mutation: Your body often deteriorates upon taking
                  | damage. [potion of mutation]
  2758 | D:3      | Lost mutation: Your spells are a little harder to cast, but
                  | a little more powerful. [potion of mutation]
  2758 | D:3      | Lost mutation: Your body sometimes deteriorates upon taking
                  | damage. [potion of mutation]
  2758 | D:3      | Gained mutation: Your magical capacity is low. (-10% MP)
                  | [potion of mutation]
  2758 | D:3      | Gained mutation: You sometimes lose the ability to read
                  | scrolls when taking damage. [potion of mutation]
  2942 | D:3      | Found a transporter.
  2975 | D:3      | Killed spaghetti's ghost
  3142 | D:4      | Noticed Sigmund
  3144 | D:4      | Noticed an ogre
  3167 | D:4      | Slain by an ogre

Illustrated notes

Levels and vault maps discovered:
D:1:      lightli_arrival_statuegarden, layout_basic
D:2:      layout_loops_ring, serial_shops, shop, grunt_ministairs_12,
          minmay_pentomino_s2
D:3:      layout_rooms, gammafunk_ghost_arena, chequers_serial_rivers_small_a
D:4:      layout_loops_ring, sigmund_army, uniq_ijyb, uniq_sigmund

Skill      XL: |  1  2  3  4  5 |
---------------+----------------+-----
Dodging        | 1 |  1.9
Stealth        | 1 |  1.7
Short Blades   | 3 |  3.6
Fighting       | 4 |  4.3
Armour         | |  3.6
Shields        | |  3.6

Action                   |  1- 3 |  4- 6 || total
-------------------------+-------+-------++-------
Melee: Short sword       |   115 |   133 ||   248
  Use: Scroll            |     7 |     4 ||    11
       Potion            |       |    11 ||    11
Armor: Scale mail        |    31 |    73 ||   104
Dodge: Dodged            |    39 |    79 ||   118
Block: Buckler           |    17 |    34 ||    51

Table legend: (Time is in decaauts)
 A = Elapsed time spent in this place.
 B = Non-inter-level travel time spent in this place.
 C = Inter-level travel time spent in this place.
 D = Time resting spent in this place.
 E = Time spent auto-exploring this place.
 F = Levels seen in this place.
 G = Mean time per level.
                   A        B        C        D        E       F      G
               +--------+--------+--------+--------+--------+-----+--------+
         Total |   3181 |   3046 |    135 |    178 |   2035 |   4 |  795.2 |
       Dungeon |   3181 |   3046 |    135 |    178 |   2035 |   4 |  795.2 |
               +--------+--------+--------+--------+--------+-----+--------+

Top non-repeatable levels by time:
     D:2: 1165 daAuts
     D:1: 1102 daAuts
     D:3: 848 daAuts
     D:4: 65 daAuts
